 Dungeon Crawl Stone Soup version 0.19.1-1-g22dce08 (webtiles) character file.

247 Jynx the Chiller (level 6, -9/41 HPs)
             Began as a Merfolk Ice Elementalist on Jan 14, 2017.
             Killed by divine providence
             ... invoked by an orc priest
              (11 damage)
             ... on level 3 of the Dungeon.
             The game lasted 00:05:52 (2981 turns).

Jynx the Chiller (Merfolk Ice Elementalist)         Turns: 2981, Time: 00:05:53

Health: -9/41      AC:  3    Str: 10    XL:     6   Next: 11%
Magic:  6/10       EV: 13    Int: 15    God:
Gold:   115        SH:  0    Dex: 14    Spells: 3 memorised, 5 levels left

rFire  + . .     SeeInvis .     x - +2 short sword (speed)
rCold  . . .     Gourm    .     a - +0 robe
rNeg   . . .     Faith    .     (no shield)
rPois  .         Spirit   .     (no helmet)
rElec  .         Reflect  .     (no cloak)
rCorr  .         Harm     .     t - +0 pair of gloves
MR     .....                    (no boots)
Stlth  ++........               (no amulet)
                                (no ring)
                                m - ring of protection from fire

@: no status effects
A: change form in water, swift swim, stealthy swim
a: no special abilities


You were on level 3 of the Dungeon.
You were near starving.

You visited 1 branch of the dungeon, and saw 3 of its levels.

You collected 115 gold pieces.

Inventory:

Hand Weapons
 x - a +2 short sword of speed (weapon)
Armour
 a - a +0 robe (worn)
 t - a +0 pair of gloves (worn)
Jewellery
 m - a ring of protection from fire (left hand)
Scrolls
 g - 3 scrolls of identify
 i - 3 scrolls of recharging
 l - 2 scrolls of magic mapping
 o - a scroll of enchant armour {unknown}
 s - a scroll of teleportation {unknown}
 v - 4 scrolls of fog {unknown}
Potions
 d - a potion of mutation
 e - a potion of resistance {unknown}
 j - a potion of brilliance {unknown}
 k - a potion of might {unknown}
 p - 2 potions of heal wounds {unknown}
 q - a potion of berserk rage {unknown}
 w - a potion of haste {unknown}
Books
 b - a book of Frost

   Spells                             Type                      Level
   a - Freeze                         Ice                          1
   b - Throw Frost                    Conjuration/Ice              2
   c - Ozocubu's Armour               Charms/Ice                   3
   d - Throw Icicle                   Conjuration/Ice              4
   e - Summon Ice Beast               Ice/Summoning                4
Comestibles
 c - 4 bread rations
 f - 3 meat rations
 h - 3 fruits
 n - a slice of pizza
 r - a beef jerky


   Skills:
 - Level 3.4 Dodging
 - Level 2.4 Stealth
 + Level 3.2 Spellcasting
 + Level 1.7 Conjurations
 + Level 2.1 Charms
 * Level 5.1 Ice Magic


You had 5 spell levels left.
You knew the following spells:

 Your Spells              Type           Power        Failure   Level  Hunger
a - Freeze                Ice            ###.         2%          1    #......
b - Throw Frost           Conj/Ice       ##....       10%         2    ##.....
c - Ozocubu's Armour      Chrm/Ice       ##......     17%         3    ###....


Dungeon Overview and Level Annotations

Branches:
Dungeon (3/15)

Altars:


Message History

Confirm with . or Enter, or press ? or * to list all spells.
Aiming: Freeze
Press: ? - help, Shift-Dir - straight line, f/p - orc priest
Aim: an orc priest (moderately wounded)
You freeze the orc priest.
The orc priest is heavily wounded.
The orc priest hits you.
* * * LOW HITPOINT WARNING * * *
The orc hits you with a trident.
* * * LOW HITPOINT WARNING * * *
Casting: Freeze
Confirm with . or Enter, or press ? or * to list all spells.
Aiming: Freeze
Press: ? - help, Shift-Dir - straight line, f/p - orc priest
Aim: an orc priest (heavily wounded)
You freeze the orc priest.
The orc priest is almost dead.
The orc priest invokes the aid of Beogh against you.
Beogh smites you!
You die...

.. .### ##...#
#....# #.#..#
#....#
#...##.###########
#o.....##.......<.
#@#######.########
#o[.....#.#.......
#######.#.#.######
#.#.#.......
#.#.#.....[.
#.#.##.##...
#######.#.........
#[......####.##.#[
#.####### #...)#.


You could see an orc priest and an orc.

Vanquished Creatures
  The ghost of awk the Sneak, an amateur SpAs (D:3)
  2 crimson imps
  2 adders
  3 worms (D:2)
  4 orcs (D:3)
  7 bats
  A giant cockroach (D:2)
  6 hobgoblins
  5 jackals
  3 frilled lizards
  3 goblins
  6 kobolds
  6 rats
49 creatures vanquished.

Notes
Turn   | Place    | Note
-------+----------+-------------------------------------------
     0 | D:1      | Jynx the Merfolk Ice Elementalist began the quest for the Orb.
     0 | D:1      | Reached XP level 1. HP: 13/13 MP: 3/3
   155 | D:1      | Reached XP level 2. HP: 16/19 MP: 3/5
  1260 | D:2      | Reached XP level 3. HP: 21/24 MP: 3/6
  1295 | D:2      | Reached skill level 4 in Ice Magic
  1439 | D:2      | Learned a level 2 spell: Throw Frost
  1443 | D:2      | Learned a level 3 spell: Ozocubu's Armour
  2183 | D:2      | Reached skill level 1 in Conjurations
  2183 | D:2      | Reached XP level 4. HP: 30/30 MP: 4/8
  2526 | D:3      | Noticed awk's ghost (amateur SpAs)
  2532 | D:3      | Killed awk's ghost
  2532 | D:3      | Reached skill level 1 in Charms
  2532 | D:3      | Reached XP level 5. HP: 35/35 MP: 3/9
  2691 | D:3      | Reached skill level 5 in Ice Magic
  2691 | D:3      | Reached XP level 6. HP: 38/41 MP: 5/10
  2980 | D:3      | HP: 2/41 [orc/trident (1)]
  2981 | D:3      | Killed from afar by an orc priest

Skill      XL: |  1  2  3  4  5  6 |
---------------+-------------------+-----
Dodging        | 3 |  3.4
Ice Magic      | 4 5 |  5.1
Conjurations   | 1 |  1.7
Spellcasting   | 3 |  3.2
Charms         | 1 2 |  2.1
Stealth        | |  2.4

Action                   |  1- 3 |  4- 6 || total
-------------------------+-------+-------++-------
Melee: Dagger            |     9 |       ||     9
       Short sword       |    10 |    22 ||    32
 Cast: Freeze            |    73 |    28 ||   101
  Use: Scroll            |     6 |       ||     6
  Eat: Chunk             |     5 |     1 ||     6
Armor: Robe              |    11 |     8 ||    19
Dodge: Dodged            |    51 |    32 ||    83
